 Dungeon Crawl Stone Soup version 0.28-a0-1152-g9c71ebef14 (webtiles) character file.

Game seed: 7994573883337630387

165 vurker the Gusty (level 5, -1/22 HPs)
             Began as a Felid Air Elementalist on Dec 14, 2021.
             Slain by a human zombie (4 damage)
             ... on level 3 of the Dungeon.
             The game lasted 00:03:11 (3310 turns).

vurker the Gusty (Felid Air Elementalist)           Turns: 3310, Time: 00:03:12

Health: -1/22      AC:  1    Str:  4    XL:     5   Next: 21%
Magic:  0/11       EV: 17    Int: 19    God:
Gold:   202        SH:  0    Dex: 16    Spells: 10/11 levels left
                                        Lives:  0   Deaths: 1

rFire   . . .      SeeInvis +   (weapon unavailable)
rCold   . . .      Faith    .   (shield unavailable)
rNeg    . . .      Spirit   .   (armour unavailable)
rPois   .          Reflect  .   (helmet unavailable)
rElec   .          Harm     .   (cloak unavailable)
rCorr   .          Rampage  .   (gloves unavailable)
Will    .....                   (boots unavailable)
Stlth   ++........              (no amulet)
HPRegen 0.07/turn               (no ring)
MPRegen 0.12/turn               (no ring)

@: quick
A: very small, claws 1, fangs 3, see invisible, speed 1, shaggy fur 1, stealthy
paws, no weapons or thrown items, no armour, multi-lived
a: no special abilities


You were on level 3 of the Dungeon.
You visited 1 branch of the dungeon, and saw 3 of its levels.
You also visited: Sewer.

You collected 226 gold pieces.
You spent 24 gold pieces at shops.

Inventory:

Scrolls
 a - a scroll of blinking {unknown}
 b - a scroll of identify
 d - a scroll of teleportation
Potions
 c - a potion of curing {unknown}
 e - a potion of flight
 f - a potion of haste
 g - a potion of brilliance


   Skills:
 + Level 1.7 Fighting
 - Level 2.6 Dodging
 - Level 2.6 Stealth
 * Level 3.7 Spellcasting
 + Level 2.1 Conjurations
 * Level 4.0 Air Magic


You had 10 spell levels left.
You knew the following spells:

 Your Spells              Type           Power      Damage    Failure   Level
a - Shock                 Conj/Air       60%        1d6       4%          1

Your spell library contained the following spells:

 Spells                   Type           Power      Damage    Failure   Level
 Static Discharge         Conj/Air       15%        N/A       6%          2
 Swiftness                Air            19%        N/A       8%          3
 Airstrike                Air            9%         N/A       26%         4
 Sticky Flame             Conj/Fire      7%         2d3       67%         4
 Dispel Undead            Necr           3%         3d7       80%         4


Dungeon Overview and Level Annotations

Branches:
Dungeon (3/15)              Sewer (visited)

Altars:
Makhleb

Shops:
D:2 ?


Innate Abilities, Weirdness & Mutations

You have sharp claws.
You have razor-sharp teeth.
You have supernaturally acute eyesight. (SInv)
You cover ground quickly. (Speed+)
You are covered in fur. (AC +1)
Your paws help you pounce on unaware monsters.
You are incapable of wielding weapons or throwing items.
You cannot wear armour.
You gain extra lives every three experience levels.


Message History

A quokka is nearby!
Aim: a quokka (almost dead, 60% to hit)
The zap hits the quokka.
You kill the quokka!
You see here a quokka corpse.
Found a rapier.
You can't see any susceptible monsters within range! (Use Z to cast anyway.)
You see here a +0 rapier.
Found a purple potion.
You can't see any susceptible monsters within range! (Use Z to cast anyway.)
A human zombie comes into view.
Aim: a human zombie (dormant, 100% to hit)
The zap hits the human zombie.
A human zombie is nearby!
Aim: a human zombie (lightly damaged, 79% to hit)
The zap hits the human zombie.
A human zombie is nearby!
A human zombie is nearby!
Aim: a human zombie (lightly damaged, 79% to hit)
The zap misses the human zombie.
A human zombie is nearby!
Aim: a human zombie (lightly damaged, 79% to hit)
The zap hits the human zombie.
A human zombie is nearby!
Aim: a human zombie (lightly damaged, 79% to hit)
The zap hits the human zombie.
Unknown command.
Aim: a human zombie (moderately damaged, 79% to hit)
The zap hits the human zombie.
Aim: a human zombie (moderately damaged, 79% to hit)
The zap misses the human zombie.
A human zombie is nearby!
Aim: a human zombie (moderately damaged, 79% to hit)
The zap misses the human zombie.
Aim: a human zombie (moderately damaged, 79% to hit)
The zap hits the human zombie.
The human zombie hits you.
Aim: a human zombie (moderately damaged, 79% to hit)
The zap misses the human zombie.
The human zombie hits you.
The zap hits the human zombie. x2; The human zombie hits you.
The zap misses the human zombie.
The zap hits the human zombie.
The human zombie hits you.
* * * LOW HITPOINT WARNING * * *
The zap hits the human zombie.
The zap misses the human zombie.
The human zombie hits you.
* * * LOW HITPOINT WARNING * * *
You scratch the human zombie. You barely miss the human zombie.
The human zombie hits you.
* * * LOW HITPOINT WARNING * * *
You scratch the human zombie. The human zombie hits you.
You die...

#.####.#
#.......
.......#
#.......
..###..#
#....!.#
...#...#
#......#
....[#.# #.#
.#...#.#####
#.#
.......†...#
#.##
.###.#####.#
#.Z# .##..#
#.# ##@#
.##.## #.#
#..# ....#
##.# #.##
....# #..#
#.# ....#
#.## #.##
....# #.#
#..# ....#
#.# ##.#
###.## ##.#
#..#
#..###).#
#.##


You could see a human zombie.

Vanquished Creatures
  A water moccasin (Sewer)
  5 gnolls (D:2)
  2 adders (D:2)
  A worm (D:3)
  A dart slug (D:1)
  An orc (D:3)
  8 ball pythons
  8 bats
  3 endoplasms
  2 giant cockroaches (D:1)
  4 goblins
  2 hobgoblins
  2 jackals (D:2)
  9 kobolds
  A quokka (D:3)
  2 frilled lizards (D:1)
  9 rats
61 creatures vanquished.

Notes
Turn   | Place    | Note
-------+----------+-------------------------------------------
     0 | D:1      | vurker the Felid Air Elementalist began the quest for the
                  | Orb.
     0 | D:1      | Reached XP level 1. HP: 7/7 MP: 4/4
   142 | D:1      | Reached skill level 1 in Conjurations
   218 | D:1      | Reached XP level 2. HP: 11/11 MP: 0/6
   476 | D:1      | Reached skill level 3 in Air Magic
  1139 | D:1      | Reached XP level 3. HP: 15/15 MP: 5/7
  1187 | D:2      | Reached skill level 1 in Fighting
  1762 | D:2      | Found a faded altar of an unknown god.
  1776 | D:2      | Reached XP level 4. HP: 15/19 MP: 3/9
  2101 | D:2      | Found Radoff's Magic Scroll Emporium.
  2212 | D:2      | Bought a scroll of identify for 24 gold pieces
  2587 | D:3      | Found a burning altar of Makhleb.
  2740 | D:3      | Found a glowing drain.
  2761 | Sewer    | Entered a sewer
  3027 | Sewer    | Noticed a water moccasin
  3038 | Sewer    | Succumbed to a water moccasin's poison
  3039 | Sewer    | Reached XP level 3. HP: 0/15 MP: 4/8
  3040 | Sewer    | Killed a water moccasin
  3041 | Sewer    | Reached skill level 4 in Air Magic
  3041 | Sewer    | Reached XP level 4. HP: 19/19 MP: 7/10
  3041 | Sewer    | Reached XP level 5. HP: 22/22 MP: 7/11
  3310 | D:3      | Slain by a human zombie

Illustrated notes

Levels and vault maps discovered:
D:1:      roderic_chinese_lattice_arrival, layout_loops_ring,
          kennysheep_crisscross
D:2:      layout_basic, nicolae_ecumenical_snake_handling, serial_shops,
          nicolae_shop_crystal
D:3:      layout_loops_cross, nicolae_overflow_crystal_walls, tso_oasis_becter,
          dk_yredelemnul_ordeal, cheibrodos_sewer_entry_sluice

Skill      XL: |  1  2  3  4 |
---------------+-------------+-----
Conjurations   | 1 2 |  2.1
Air Magic      | 3 4 |  4.0
Fighting       | 1 |  1.7
Spellcasting   | 3 |  3.7
Dodging        | |  2.6
Stealth        | |  2.6

Action                   |  1- 3 |  4- 6 || total
-------------------------+-------+-------++-------
Melee: Unarmed           |     1 |     9 ||    10
       Bite              |       |     1 ||     1
 Cast: Shock             |    75 |    77 ||   152
  Use: Scroll            |       |     6 ||     6
Armor: Skin              |     2 |       ||     2
Dodge: Dodged            |    14 |    19 ||    33

Table legend: (Time is in decaauts)
 A = Elapsed time spent in this place.
 B = Non-inter-level travel time spent in this place.
 C = Inter-level travel time spent in this place.
 D = Time resting spent in this place.
 E = Time spent auto-exploring this place.
 F = Levels seen in this place.
 G = Mean time per level.
                   A        B        C        D        E       F      G
               +--------+--------+--------+--------+--------+-----+--------+
         Total |   2974 |   2932 |     42 |      0 |   2556 |   4 |  743.5 |
       Dungeon |   2622 |   2580 |     42 |      0 |   2251 |   3 |  874.0 |
         Sewer |    352 |    352 |      0 |      0 |    304 |   1 |  352.0 |
               +--------+--------+--------+--------+--------+-----+--------+

Top non-repeatable levels by time:
     D:2: 1244 daAuts
     D:1: 1054 daAuts
   Sewer: 352 daAuts
     D:3: 322 daAuts
